 Dungeon Crawl Stone Soup version 0.32-a0-656-g3542139ebd (console) character file.

Game seed: 12342368663750594071

486 roseri the Magician (level 7, -1/43 (52) HPs)
             Began as a Formicid Wanderer on Mar 8, 2024.
             Was a Follower of Okawaru.
             Killed from afar by a white imp (8 damage)
             ... with a puff of frost
             ... on level 4 of the Dungeon.
             The game lasted 00:16:41 (5490 turns).

roseri the Magician (Formicid Wanderer)             Turns: 5490, Time: 00:16:42

HP:   -1/43 (52)    AC:  3    Str: 17    XL:     7   Next: 35%
MP:   9/12          EV: 11    Int: 15    God:    Okawaru [*.....]
Gold: 139           SH:  0    Dex: 14    Spells: 10/13 levels left

rFire   . . .        e - +0 short sword (venom)
rCold   . . .        (no shield)
rNeg    . . .        l - +0 leather armour "Reggicrots" {Int+3}
rPois   +            (helmet unavailable)
rElec   .            (no cloak)
rCorr   .            (no gloves)
SInv    +            (no boots)
Will    .....        (no amulet)
Stlth   +            a - ring of poison resistance
HPRegen 0.27/turn    (no ring)
MPRegen 0.13/turn

%: no passive effects
@: immotile, heavily drained
A: permanent stasis, dig shafts and tunnels, antennae 3, four strong arms
a: Dig, Shaft Self, Renounce Religion, Heroism


You were on level 4 of the Dungeon.
You worshipped Okawaru.
Okawaru was aware of your devotion.
You visited 1 branch of the dungeon, and saw 5 of its levels.

You collected 139 gold pieces.

Inventory:

Hand Weapons
 e - a +0 short sword of venom (weapon)
 r - a +0 longbow
Missiles
 d - 8 poisoned darts (quivered)
 p - a throwing net
Armour
 l - the +0 leather armour "Reggicrots" (worn) {Int+3}
   (You found it on level 3 of the Dungeon)

   Int+3:     It affects your intelligence (+3).
Jewellery
 a - a ring of poison resistance (left hand)
Wands
 h - a wand of iceblast (1)
 o - a wand of flame (49)
Scrolls
 c - a scroll of teleportation {unknown}
 g - a scroll of immolation {unknown}
 j - a scroll of vulnerability {unknown}
 k - a scroll of noise {unknown}
 m - 3 scrolls of revelation {unknown}
 q - a scroll of blinking {unknown}
 s - a scroll of identify
 t - a scroll of enchant armour {unknown}
 u - a scroll of poison {unknown}
Potions
 b - a potion of heal wounds
 f - a potion of lignification {unknown}
 i - 2 potions of enlightenment
 n - a potion of magic


   Skills:
 - Level 3.0 Fighting
 * Level 2.1 Ranged Weapons
 - Level 2.0 Throwing
 - Level 2.1 Armour
 - Level 1.0 Dodging
 + Level 3.7 Spellcasting
 + Level 2.6 Conjurations
 - Level 3.0 Necromancy
 + Level 0.4 Translocations
 - Level 2.0 Fire Magic
 + Level 1.8 Invocations
 - Level 2.0 Evocations


You had 10 spell levels left.
You knew the following spells:

 Your Spells              Type           Power      Damage    Failure   Level
a - Kiss of Death         Conj/Necr      44%        2d8       7%          1
b - Momentum Strike       Conj/Tloc      14%        3d8       19%         2

Your spell library contained the following spells:

 Spells                   Type           Power      Damage    Failure   Level
 Necrotise                Necr           44%        1d6       6%          1
 Foxfire                  Conj/Fire      36%        2x1d5     9%          1
 Sublimation of Blood     Necr           11%        N/A       10%         2
 Lesser Beckoning         Tloc           8%         N/A       28%         2
 Volatile Blastmotes      Fire/Tloc      12%        2d11      38%         3
 Anguish                  Hex/Necr       3%         N/A       75%         4
 Blink                    Tloc           Unusable   N/A       N/A         2

Dungeon Overview and Level Annotations

Branches:
Dungeon (5/15)             Temple (0/1) D:5

Altars:
Okawaru

Shops:
D:2 (


Innate Abilities, Weirdness & Mutations

You cannot be hasted, slowed, berserked, paralysed or teleported.
You can dig through walls and to a lower floor.
You have a pair of large antennae on your head. (SInv)
Your four strong arms can wield two-handed weapons with a shield.


Message History

You climb upwards.
There is a stone staircase leading down, spattered with blood here.
You hit the orc wizard but do no damage.
The orc wizard is poisoned.
The orc wizard mumbles some strange words.
The orc wizard flickers and vanishes for a moment.
The white imp hits you. The white imp freezes you.
Casting: Momentum Strike (safe; 19% risk of failure)
Confirm with . or Enter, or press ? or * to list all spells.
Aiming: Momentum Strike (safe; 19% risk of failure)
Press: ? - help, Dir - move target, f - orc wizard
Aim: an orc wizard, wielding a +0 dagger and wearing a +0 robe (lightly wounded, slightly transparent, poisoned, 60% to hit)
The concentrated momentum hits the orc wizard!
The orc wizard is heavily wounded.
You are unable to move.
The orc wizard hits you with a +0 dagger.
The white imp gestures at you. The puff of frost hits you.
You miss the orc wizard.
The orc wizard is severely wounded.
The orc wizard barely misses you. The white imp closely misses you.
Casting: Momentum Strike (safe; 19% risk of failure)
Confirm with . or Enter, or press ? or * to list all spells.
Aiming: Kiss of Death (safe; 7% risk of failure)
Press: ? - help, Shift-Dir - straight line, f/p - orc wizard
Aim: an orc wizard, wielding a +0 dagger and wearing a +0 robe (severely wounded, slightly transparent, poisoned, 100% to hit)
The fragment of death hits the orc wizard!
The orc wizard is drained!
You kill the orc wizard!
Okawaru accepts your kill.
You feel drained. The white imp hits you. The white imp freezes you.
You hit the white imp but do no damage. The white imp hits you.
* * * LOW HITPOINT WARNING * * *
The white imp freezes you.
* * * LOW HITPOINT WARNING * * *
You hit the white imp but do no damage.
The white imp shouts, "Fly, thou venomed flap-mouthed bloater!"
The white imp gestures at you. The puff of frost hits you!
You die...

...#..........##.##..######.#
............................#####
...#..........##^.#..............
...#..........##..##.############
####..........##..#..# .#
#...........#....##
.###.........#.....##
.............##.))##
.##############5@)# .#
#..........##)# .#
#.########.##.# .# #.# #.##.# .#
#.# #.##.# #####.# #.##.# ......#
#.##.# ####### #.##.# #.##.#


You could see a white imp.

Vanquished Creatures
  An ogre (D:4)
  2 orc priests (D:4)
  A sleepcap (D:5)
  An iguana (D:4)
  2 orc wizards (D:4)
  Robin (D:4)
  2 gnolls (D:4)
  8 adders
  5 ribbon worms
  2 dart slugs
  12 orcs
  6 ball pythons
  6 endoplasms
  3 giant cockroaches
  17 goblins
  6 hobgoblins
  12 jackals
  6 kobolds
  7 quokkas
  3 bats
  3 frilled lizards (D:1)
  4 rats
110 creatures vanquished.

Notes
Turn   | Place    | Note
-------+----------+-------------------------------------------
     0 | D:1      | roseri the Formicid Wanderer began the quest for the Orb.
     0 | D:1      | roseri set off with the following items: a +0 club, a
                  | scroll of fear, a +0 ring mail; and the following spells
                  | available to memorise: Foxfire, Kiss of Death, Sublimation
                  | of Blood, Volatile Blastmotes, Anguish.
     0 | D:1      | Reached XP level 1. HP: 15/15 MP: 3/3
   150 | D:1      | Reached skill level 1 in Throwing
   150 | D:1      | Reached XP level 2. HP: 22/22 MP: 5/5
   398 | D:1      | Found a faded altar of an unknown god.
   420 | D:1      | Reached XP level 3. HP: 27/28 MP: 6/6
   462 | D:1      | Got Plato's Parchment of Abhorrent Mysteries
   485 | D:1      | Learned a level 1 spell: Kiss of Death
   993 | D:2      | Found Ser Domn's Antique Weapon Shop.
  1359 | D:2      | Reached XP level 4. HP: 35/35 MP: 7/7
  1566 | D:2      | Reached skill level 1 in Conjurations
  2259 | D:3      | Reached XP level 5. HP: 41/41 MP: 9/9
  2278 | D:3      | Identified the +0 leather armour "Reggicrots" {Int+3}
  2836 | D:3      | Found an iron altar of Okawaru.
  3053 | D:3      | Became a worshipper of Warmaster Okawaru
  3159 | D:4      | Noticed an ogre
  3407 | D:4      | Killed an ogre
  3408 | D:4      | Reached skill level 1 in Evocations
  3408 | D:4      | Reached XP level 6. HP: 29/46 MP: 8/10
  3472 | D:4      | Learned a level 2 spell: Momentum Strike
  3743 | D:4      | Reached * piety under Okawaru
  3951 | D:4      | Noticed Robin
  4067 | D:4      | Killed Robin
  4522 | D:4      | Reached skill level 1 in Ranged Weapons
  4522 | D:4      | Reached skill level 1 in Invocations
  4528 | D:4      | Reached XP level 7. HP: 15/45 MP: 12/12
  4818 | D:5      | Entered Level 5 of the Dungeon
  5283 | D:5      | Found a staircase to the Ecumenical Temple.
  5490 | D:4      | Killed from afar by a white imp

Illustrated notes

Levels and vault maps discovered:
D:1:      tarquinn_simple_flora_water_c, layout_basic,
          shapermc_ecumenical_altar_rom_forum
D:2:      layout_loops_corners, serial_shops, nicolae_shop_trees,
          nrook_mini_backslash
D:3:      layout_loops_ring, overflow_temple_1_default,
          chequers_serial_rivers_marsh
D:4:      layout_basic, uniq_robin
D:5:      layout_cave_pools, kennysheep_mini, minmay_temple_entry_hall

Skill      XL: |  1  2  3  4  5  6  7 |
---------------+----------------------+-----
Throwing       | 1 2 |  2.0
Fighting       | 2 3 |  3.0
Conjurations   | 1 2 |  2.6
Spellcasting   | 3 |  3.7
Necromancy     | 3 |  3.0
Evocations     | 1 2 |  2.0
Ranged Weapons | 1 2 |  2.1
Invocations    | 1 |  1.8
Armour         | |  2.1
Dodging        | |  1.0
Translocations | |  0.4
Fire Magic     | |  2.0

Action                     |  1- 3 |  4- 6 |  7- 9 || total
---------------------------+-------+-------+-------++-------
  Melee: Short sword       |   104 |   221 |    47 ||   372
         Club              |     1 |       |       ||     1
  Throw: Dart              |     8 |    12 |       ||    20
   Cast: Kiss of Death     |       |     3 |     1 ||     4
         Momentum Strike   |       |       |     2 ||     2
  Evoke: Wand              |       |     6 |     7 ||    13
    Use: Scroll            |     1 |     4 |       ||     5
   Stab: Sleeping          |       |     1 |       ||     1
 Armour: Ring mail         |    45 |       |       ||    45
         Leather armour    |    27 |   124 |    43 ||   194
  Dodge: Dodged            |    52 |   129 |    26 ||   207

Table legend: (Time is in decaauts)
 A = Elapsed time spent in this place.
 B = Non-inter-level travel time spent in this place.
 C = Inter-level travel time spent in this place.
 D = Time resting spent in this place.
 E = Time spent auto-exploring this place.
 F = Levels seen in this place.
 G = Mean time per level.
                   A        B        C        D        E       F      G
               +--------+--------+--------+--------+--------+-----+--------+
         Total |   5500 |   5127 |    373 |   1224 |   2496 |   5 | 1100.0 |
       Dungeon |   5500 |   5127 |    373 |   1224 |   2496 |   5 | 1100.0 |
               +--------+--------+--------+--------+--------+-----+--------+

Top non-repeatable levels by time:
     D:4: 2200 daAuts
     D:2: 1125 daAuts
     D:1: 1121 daAuts
     D:3: 868 daAuts
     D:5: 184 daAuts
